 Dungeon Crawl Stone Soup version 0.31-a0-986-g5e6e4ef867 (webtiles) character file.

Game seed: 268654373724941757

6003 sammy202020 the Blocker (level 10, 0/66 HPs)
             Began as a Gargoyle Fighter on Nov 6, 2023.
             Was an Initiate of Gozag.
             Slain by a rust devil (10 damage)
             ... on level 9 of the Dungeon.
             The game lasted 00:14:26 (8879 turns).

sammy202020 the Blocker (Gargoyle Fighter)          Turns: 8879, Time: 00:14:26

Health: 0/66       AC: -21   Str: 18 (20) XL:     10   Next: 85%
Magic:  10/10      EV:  4    Int: 17      God:    Gozag
Gold:   395        SH: 15    Dex: 11      Spells: 9/9 levels left

rFire   . . .        r - +3 morningstar
rCold   . . .        n - +0 tower shield
rNeg    + . .        w - +0 plate armour
rPois   ∞            k - +0 helmet
rElec   +            (no cloak)
rCorr   .            (no gloves)
SInv    .            (no boots)
Will    .....        (no amulet) Stlth
                     d - +6 ring of intelligence
HPRegen 0.31/turn    (no ring)
MPRegen 0.12/turn

%: no passive effects
@: corroded, studying Shields
A: sickness immunity, AC +7, negative energy resistance 1, electricity
resistance, torment resistance 1, petrification resistance
a: Renounce Religion, Potion Petition, Call Merchant, Bribe Branch


You were on level 9 of the Dungeon.
You worshipped Gozag.
Gozag was aware of your devotion.
You visited 2 branches of the dungeon, and saw 10 of its levels.
You also visited: Ossuary.

You collected 724 gold pieces.
You paid 329 gold pieces to Gozag.

Inventory:

Hand Weapons
 e - a +4 flail of freezing
 r - a +3 morningstar (weapon)
Missiles
 b - a throwing net
 j - 2 boomerangs
Armour
 c - a +0 buckler
 k - a +0 helmet (worn)
 n - a +0 tower shield (worn)
 w - a +0 plate armour (worn)
Jewellery
 d - a +6 ring of intelligence (left hand)
 p - a ring of magical power
Wands
 h - a wand of acid (8)
 q - a wand of paralysis (8)
 t - a wand of mindburst (17)
 u - a wand of polymorph (12)
Scrolls
 i - a scroll of fog
 v - a scroll of poison
Potions
 f - 6 potions of brilliance
 g - 4 potions of curing
 l - a potion of invisibility
 m - a potion of might
 o - 2 potions of berserk rage
 s - 4 potions of attraction
 z - a potion of cancellation


   Skills:
 * Level 9.2 Fighting
 * Level 8.1 Maces & Flails
 * Level 9.2 Armour
 - Level 3.2 Dodging
 * Level 9.5 Shields


You had 9 spell levels left.
You didn't know any spells.
Your spell library contained the following spells:

 Spells                   Type           Power      Damage    Failure   Level
 Blink                    Tloc           0%         N/A       100%        2
 Dispel Undead            Necr           0%         3d6       100%        4
 Manifold Assault         Tloc           0%         N/A       100%        4
 Death Channel            Necr           0%         N/A       100%        6
 Cigotuvi's Dreadful Rot  Necr/Pois/Air  Unusable   N/A       N/A         2

Dungeon Overview and Level Annotations

Branches:
Dungeon (9/15)             Temple (1/1) D:7            Lair (0/5) D:9
    Orc (0/2) D:9         Ossuary (visited)

Altars:
Ashenzari
Cheibriados
Dithmenos
Elyvilon
Fedhas
Gozag
Kikubaaqudgha
Makhleb
Nemelex Xobeh
Okawaru
Qazlal
Ru
Sif Muna
Trog
Uskayaw
Vehumet
Wu Jian
Xom
Yredelemnul
Zin

Shops:
D:2 *   D:8 [


Innate Abilities, Weirdness & Mutations

You are immune to sickness and miasma.
Your stone body is resilient. (AC +7)
You are immune to poison.
You resist negative energy. (rN+)
You are resistant to electric shocks. (rElec)
You are resistant to unholy torment.
You are immune to petrification.


Message History

You closely miss the rust devil.
The rust devil is heavily wounded.
The rust devil hits you. The rust devil corrodes you! The rust devil hits you!
The rust devil corrodes you!
You closely miss the rust devil.
The rust devil is heavily wounded.
The rust devil hits you. The rust devil corrodes you!
You hit the rust devil but do no damage.
The rust devil is heavily wounded.
You block the rust devil's attack.
You hit the rust devil but do no damage.
The rust devil is heavily wounded.
The rust devil hits you. The rust devil corrodes you!
You block the rust devil's attack.
You hit the rust devil.
The rust devil is heavily wounded.
The rust devil hits you. The rust devil corrodes you!
You closely miss the rust devil.
The rust devil is heavily wounded.
You block the rust devil's attack.
Okay, then.
You hit the rust devil but do no damage.
The rust devil is heavily wounded.
The rust devil hits you. The rust devil corrodes you!
You block the rust devil's attack.
You barely miss the rust devil.
The rust devil is heavily wounded.
The rust devil hits you!
* * * LOW HITPOINT WARNING * * *
The rust devil corrodes you!
The rust devil attacks as it pursues you!
You block the rust devil's attack.
The rust devil attacks as it pursues you!
The rust devil hits you!
* * * LOW HITPOINT WARNING * * *
The rust devil corrodes you!
The rust devil attacks as it pursues you!
The rust devil hits you!
You die...
Your body crumbles into a pile of gold.

PP.....P...P♣
......♣..P....
....P..>..P.... #
......P...♣..... .#
P.......P...P.P# .#
#♣PP........PP.###.#
#......♣.P♣........#
##.♣....P..........##...
##.P....PP.....@.....#
###..........4......#
###...........###.#
##.>......>.#
######:.........#
................#
##.###...######.# #.#
#.#..# .# #..##.##.# .#


You could see a rust devil.

Vanquished Creatures
  Amaemon (D:8)
  An orange demon (D:8)
  Joseph (D:7)
  Prince Ribbit (D:8)
  A hornet (D:9)
  Grinder (D:6)
  4 wyverns
  9 yaks
  A water moccasin (D:9)
  An orc warrior (D:9)
  3 ogres
  A kobold brigand (D:7)
  5 bullfrogs
  3 scorpions (D:4)
  8 wights
  A centaur zombie (Ossuary)
  6 hounds
  2 human zombies (Ossuary)
  An orc priest (D:4)
  3 jellies
  4 iguanas
  3 sleepcaps
  Terence (D:2)
  4 orc wizards
  2 mummies (Ossuary)
  Robin (D:2)
  7 adders
  4 gnolls (D:5)
  A worm zombie (D:7)
  An adder zombie (Ossuary)
  A worm (D:3)
  3 dart slugs
  14 orcs
  5 ball pythons
  A bat (D:3)
  3 endoplasms
  3 giant cockroaches
  8 goblins
  6 hobgoblins
  7 kobolds
  2 quokkas
  2 goblin zombies
  7 hobgoblin zombies (Ossuary)
  8 kobold zombies (Ossuary)
  11 orc zombies (Ossuary)
  3 rats
  6 rat zombies (Ossuary)
172 creatures vanquished.

Notes
Turn   | Place    | Note
-------+----------+-------------------------------------------
     0 | D:1      | sammy202020 the Gargoyle Fighter began the quest for the
                  | Orb.
     0 | D:1      | Reached XP level 1. HP: 14/14 MP: 1/1
   146 | D:1      | Found a faded altar of an unknown god.
   607 | D:1      | Reached XP level 2. HP: 19/19 MP: 2/2
   784 | D:2      | Noticed Terence
   793 | D:2      | Killed Terence
   794 | D:2      | Reached XP level 3. HP: 21/24 MP: 3/3
   874 | D:2      | Noticed Robin
   896 | D:2      | Killed Robin
   897 | D:2      | Reached XP level 4. HP: 19/29 MP: 4/4
  1271 | D:2      | Found Jalionaa's Assorted Antiques.
  1567 | D:3      | Reached XP level 5. HP: 30/33 MP: 5/5
  1677 | D:3      | Reached skill level 1 in Dodging
  1705 | D:3      | Found a shadowy altar of Dithmenos.
  1724 | D:3      | Noticed an ogre
  1740 | D:3      | Killed an ogre
  1741 | D:3      | Reached XP level 6. HP: 12/39 MP: 6/6
  2822 | D:4      | Reached skill level 5 in Fighting
  2822 | D:4      | Reached skill level 5 in Armour
  2822 | D:4      | Reached XP level 7. HP: 38/44 MP: 7/7
  3285 | D:5      | Entered Level 5 of the Dungeon
  3596 | D:5      | Reached skill level 5 in Shields
  3826 | D:5      | Reached XP level 8. HP: 44/51 MP: 8/8
  4257 | D:6      | Noticed Grinder
  4262 | D:6      | Paralysed by Grinder for 4 turns
  4266 | D:6      | Killed Grinder
  4267 | D:6      | Reached skill level 5 in Maces & Flails
  5570 | D:6      | Reached XP level 9. HP: 53/56 MP: 9/9
  5870 | D:7      | Found a sand-covered staircase.
  5872 | D:7      | Noticed Joseph
  5901 | Ossuary  | Entered an ossuary
  6558 | D:7      | Killed Joseph
  6643 | D:7      | Found a white marble altar of Elyvilon.
  6869 | D:7      | Found a staircase to the Ecumenical Temple.
  6890 | Temple   | Entered the Ecumenical Temple
  7004 | Temple   | Became a worshipper of Gozag Ym Sagoz the Greedy
  7096 | D:8      | Noticed Prince Ribbit
  7109 | D:8      | Killed Prince Ribbit
  7289 | D:8      | Reached XP level 10. HP: 41/64 MP: 10/10
  7452 | D:8      | Found a snail-covered altar of Cheibriados.
  7454 | D:8      | Found Cheibriados's Comfort Zone.
  7544 | D:8      | Identified the +7 falchion of the Unspeakable One {freeze,
                  | Int+6 Dex+5}
  7723 | D:8      | Noticed an orange demon
  7725 | D:8      | Noticed Amaemon
  7740 | D:8      | Killed Amaemon
  7750 | D:8      | Killed an orange demon
  7762 | D:8      | Identified a scroll of acquirement
  7762 | D:8      | Acquired a manual of Shields
  8142 | D:9      | Found a staircase to the Lair.
  8351 | D:9      | Found a staircase to the Orcish Mines.
  8821 | D:9      | Noticed a rust devil
  8821 | D:9      | Noticed a rust devil
  8879 | D:9      | Slain by a rust devil

Illustrated notes

Levels and vault maps discovered:
D:1:      orjb1_lava_funnel, layout_basic,
          shapermc_ecumenical_altar_starsandcircs
D:2:      layout_loops_cross, serial_forest, infiniplex_forest_end_1,
          infiniplex_forest_end_2, infiniplex_forest_clump_diagonal,
          infiniplex_forest_straight_3, infiniplex_forest_clump_long,
          infiniplex_forest_lined_room_3, serial_shops,
          nicolae_shop_overgrown_old_shop, uniq_robin, uniq_terence
D:3:      layout_rooms, lemuel_crystal_altar, grunt_ministairs_14,
          nicolae_underground_beach
D:4:      layout_cave_pods
D:5:      layout_basic
D:6:      layout_layer_cave, uniq_grinder
D:7:      layout_layer_cave, lemuel_tele_altar,
          nicolae_hepliaklqana_hippocampus, old_standard_altar,
          minmay_temple_entry_mist, enter_ossuary_3, serial_shops,
          nicolae_shop_waterfront, uniq_joseph, uniq_menkaure
D:8:      layout_basic, nicolae_benzene_ring, minmay_shop_chei,
          uniq_prince_ribbit1, uniq_amaemon
D:9:      layout_rooms, minmay_lair_entry_grove, minivault_25,
          hangedman_abyss_or_decor_passed, nicolae_neqoxec_dot_bat
Temple:   mainiacjoe_temple_bowtie_tessellation

Skill      XL: |  1  2  3  4  5  6  7  8  9 10 |
---------------+-------------------------------+-----
Fighting       | 4 5 6 8 9 |  9.2
Armour         | 4 5 6 8 9 |  9.2
Maces & Flails | 3 4 5 7 8 |  8.1
Dodging        | 1 2 3 |  3.2
Shields        | 4 5 6 7 9 |  9.5

Action                     |  1- 3 |  4- 6 |  7- 9 | 10-12 || total
---------------------------+-------+-------+-------+-------++-------
  Melee: Flail             |    60 |   112 |   383 |   112 ||   667
         Unarmed           |       |       |     1 |       ||     1
         Morningstar       |       |       |       |    23 ||    23
 Invoke: Potion Petition   |       |       |       |     1 ||     1
    Use: Scroll            |       |     4 |    11 |     4 ||    19
         Potion            |       |     2 |     1 |     5 ||     8
   Stab: Distracted        |       |       |       |     1 ||     1
 Armour: Scale mail        |    33 |    87 |       |       ||   120
         Chain mail        |       |     4 |   238 |       ||   242
         Plate armour      |       |       |    31 |   120 ||   151
         Skin              |       |       |    20 |       ||    20
  Dodge: Dodged            |    34 |    41 |    66 |    16 ||   157
  Block: Buckler           |    13 |    11 |       |       ||    24
         Tower shield      |       |    18 |   275 |   126 ||   419

Table legend: (Time is in decaauts)
 A = Elapsed time spent in this place.
 B = Non-inter-level travel time spent in this place.
 C = Inter-level travel time spent in this place.
 D = Time resting spent in this place.
 E = Time spent auto-exploring this place.
 F = Levels seen in this place.
 G = Mean time per level.
                   A        B        C        D        E       F      G
               +--------+--------+--------+--------+--------+-----+--------+
         Total |   9122 |   8877 |    245 |   1756 |   5309 |  11 |  829.3 |
       Dungeon |   8317 |   8185 |    132 |   1430 |   5161 |   9 |  924.1 |
        Temple |    126 |     13 |    113 |      0 |      0 |   1 |  126.0 |
       Ossuary |    677 |    677 |      0 |    326 |    148 |   1 |  677.0 |
               +--------+--------+--------+--------+--------+-----+--------+

Top non-repeatable levels by time:
     D:6: 1665 daAuts
     D:4: 1075 daAuts
     D:8: 1054 daAuts
     D:5: 990 daAuts
     D:2: 804 daAuts
     D:9: 778 daAuts
     D:1: 753 daAuts
     D:3: 722 daAuts
 Ossuary: 677 daAuts
     D:7: 473 daAuts
  Temple: 126 daAuts
